 Dungeon Crawl Stone Soup version 0.29-a0-1027-gcd8c55af63 (webtiles) character file.

Game seed: 18417456304037050056

118 frimble the Digger (level 4, -2/30 HPs)
             Began as a Demonspawn Earth Elementalist on Aug 13, 2022.
             Killed from afar by an orc wizard (11 damage)
             ... with a puff of flame
             ... on level 4 of the Dungeon.
             The game lasted 00:02:59 (4090 turns).

frimble the Digger (Demonspawn Earth Elementalist)  Turns: 4090, Time: 00:03:00

Health: -2/30      AC:  2    Str:  8 (9)  XL:     4   Next: 72%
Magic:  6/7        EV: 12    Int: 14 (16) God:
Gold:   145        SH:  0    Dex: 12 (15) Spells: 6/7 levels left

rFire   . . .      SeeInvis .   g - +1 short sword (protect)
rCold   . . .      Faith    .   (no shield)
rNeg    . . .      Spirit   .   a - +0 robe
rPois   .          Reflect  .   (helmet restricted)
rElec   .          Harm     .   (no cloak)
rCorr   .          Rampage  .   (no gloves)
Will    .....                   (no boots)
Stlth   +.........              (no amulet)
HPRegen 0.10/turn               (no ring)
MPRegen 0.10/turn               (no ring)

@: confused
A: horns 1, ignite blood 1
a: no special abilities


You were on level 4 of the Dungeon.
You visited 2 branches of the dungeon, and saw 5 of its levels.

You collected 145 gold pieces.

Inventory:

Hand Weapons
 g - a +1 short sword of protection (weapon)
Armour
 a - a +0 robe (worn)
Jewellery
 c - a ring of resist corrosion
Potions
 b - a potion of magic
 d - 3 potions of brilliance
 e - a potion of flight
 h - a potion of curing {unknown}
 i - a potion of heal wounds {unknown}
 j - a potion of mutation {unknown}
 l - a potion of berserk rage {unknown}


   Skills:
 - Level 1.7 Dodging
 - Level 1.7 Stealth
 - Level 2.0 Spellcasting
 - Level 3.0 Transmutations
 + Level 4.0 Earth Magic


You had 6 spell levels left.
You knew the following spells:

 Your Spells              Type           Power      Damage    Failure   Level
a - Sandblast             Erth           24%        2d8       4%          1

Your spell library contained the following spells:

 Spells                   Type           Power      Damage    Failure   Level
 Passwall                 Tmut/Erth      9%         N/A       9%          2
 Stone Arrow              Conj/Erth      14%        3d7       30%         3
 Ensorcelled Hibernation  Hex/Ice        2%         N/A       34%         2
 Petrify                  Tmut/Erth      11%        N/A       50%         4
 Swiftness                Air            1%         N/A       56%         3
 Passage of Golubria      Tloc           1%         N/A       93%         4
 Manifold Assault         Tloc           1%         N/A       100%        5


Dungeon Overview and Level Annotations

Branches:
Dungeon (4/15)             Temple (1/1) D:4

Altars:
Ashenzari
Gozag
Makhleb
Ru
Trog
Uskayaw
Wu Jian
Yredelemnul

Annotations:
D:2 1 runed translucent door, Crazy Yiuf


Innate Abilities, Weirdness & Mutations

You have a pair of small horns on your head.
Your demonic aura sometimes causes spilled blood to erupt in flames.


Message History

An orc wizard comes into view. It is wielding a +0 dagger.
Training target 3.0 for Transmutations reached!
Your Transmutations skill increases to level 3!
An orc comes into view. It is wielding a +0 hand axe.
The orc shouts!
The orc wizard casts a spell.
The orc wizard flickers and vanishes!
Deactivating autopickup; reactivate with Ctrl-A.
The orc wizard barely misses you.
You hit the orc wizard but do no damage.
You headbutt the orc wizard, but do no damage.
A kobold comes into view. It is wielding a +0 dagger.
The orc wizard casts a spell at you. The puff of flame hits you!
You are too injured to fight recklessly!
Aiming: Sandblast (safe; 4% risk of failure)
Press: ? - help, Q - select action Shift-Dir - straight line, f - orc wizard
Aim: an orc wizard, wielding a +0 dagger and wearing a +0 robe (77% to hit)
The blast of sand hits the orc wizard.
The orc wizard is lightly wounded.
The kobold shouts!
The orc wizard gestures at you while chanting.
You are confused.
The orc wizard hits you with a +0 dagger.
An iguana comes into view.
You closely miss something.
You hear some strange, mumbled words.
A magic dart appears from out of thin air!
The magic dart hits you.
* * * LOW HITPOINT WARNING * * *
The orc wizard hits you but does no damage.
Okay, then.
Unknown command.
It was a potion of degeneration.
There was something very wrong with that liquid.
You feel weakened.
You feel dopey.
You feel clumsy. Something hits you but does no damage.
The orc wizard casts a spell at you. The puff of flame hits you!
You die...

..### ...## ....
.....+ #..##
#?...# # #...#
#....# ... #.⌠.#
#....#
#..###...###....#
#.......)o......#
#...⌠..>@oK.....#
#........{.l....#
#..###...###.÷..#
#. #.⌠.# ##'###
#...####.#
#####.##.# #.##.#
####.##g#######
+..............


You could see an iguana, an orc wizard, an orc and a kobold.

Vanquished Creatures
  A howler monkey (D:4)
  A gnoll (Temple)
  2 adders
  A dart slug (D:1)
  3 orcs
  3 ball pythons
  4 endoplasms
  5 giant cockroaches
  2 goblins (D:1)
  2 hobgoblins
  5 jackals (D:3)
  5 kobolds
  2 quokkas
  3 bats
  A frilled lizard (D:3)
  4 rats
44 creatures vanquished.

Vanquished Creatures (others)
  2 fungi (D:2)
2 creatures vanquished.

Grand Total: 46 creatures vanquished

Notes
Turn   | Place    | Note
-------+----------+-------------------------------------------
     0 | D:1      | frimble the Demonspawn Earth Elementalist began the quest
                  | for the Orb.
     0 | D:1      | Reached XP level 1. HP: 13/13 MP: 3/3
    19 | D:1      | Got the Folio of Elsewhere
    29 | D:1      | Reached skill level 1 in Transmutations
    79 | D:1      | Reached skill level 3 in Earth Magic
   343 | D:1      | Gained mutation: You have a pair of small horns on your
                  | head. [demonic ancestry]
   343 | D:1      | Reached XP level 2. HP: 14/19 MP: 3/5
   917 | D:1      | Found a faded altar of an unknown god.
  1592 | D:2      | Found a bloodstained altar of Trog.
  1873 | D:2      | Gained mutation: Your demonic aura sometimes causes spilled
                  | blood to erupt in flames. [demonic ancestry]
  1873 | D:2      | Reached XP level 3. HP: 23/24 MP: 6/6
  1931 | D:2      | Identified the +1 robe of the Swamp {+Inv}
  2285 | D:2      | Found a runed translucent door.
  2286 | D:2      | Noticed Crazy Yiuf
  2991 | D:3      | Found a hide-covered altar of Uskayaw.
  3431 | D:3      | Reached XP level 4. HP: 30/30 MP: 7/7
  3669 | D:4      | Found a staircase to the Ecumenical Temple.
  3677 | Temple   | Entered the Ecumenical Temple
  3834 | Temple   | Reached skill level 4 in Earth Magic
  4090 | D:4      | Killed from afar by an orc wizard

Illustrated notes

Levels and vault maps discovered:
D:1:      lightli_molten_gateway, layout_basic,
          ebering_ecumenical_altar_sacrificial
D:2:      layout_basic, basic_altar, uniq_crazy_yiuf_cottage
D:3:      layout_loops_ring, mainiacjoe_overflow_alcove_4
D:4:      layout_basic, minmay_temple_entry_junction,
          gammafunk_ghost_gnarly_gnolls, minmay_misc_feat_five, st_stairs_7,
          uniq_robin, uniq_pikel, uniq_eustachio
Temple:   nicolae_temple_colour_theory

Skill      XL: |  1  2  3  4 |
---------------+-------------+-----
Transmutations | 1 2 3 |  3.0
Earth Magic    | 3 4 |  4.0
Dodging        | |  1.7
Stealth        | |  1.7
Spellcasting   | |  2.0

Action                   |  1- 3 |  4- 6 || total
-------------------------+-------+-------++-------
Melee: Whip              |    23 |       ||    23
       Punch             |     1 |       ||     1
       Short sword       |   102 |    22 ||   124
       Headbutt          |    24 |     4 ||    28
 Cast: Sandblast         |    24 |     3 ||    27
  Use: Scroll            |     5 |     2 ||     7
       Potion            |       |     1 ||     1
 Stab: Sleeping          |     7 |       ||     7
       Distracted        |     1 |       ||     1
Armor: Robe              |    40 |    12 ||    52
Dodge: Dodged            |    88 |     8 ||    96

Table legend: (Time is in decaauts)
 A = Elapsed time spent in this place.
 B = Non-inter-level travel time spent in this place.
 C = Inter-level travel time spent in this place.
 D = Time resting spent in this place.
 E = Time spent auto-exploring this place.
 F = Levels seen in this place.
 G = Mean time per level.
                   A        B        C        D        E       F      G
               +--------+--------+--------+--------+--------+-----+--------+
         Total |   4131 |   4077 |     54 |    100 |   3526 |   5 |  826.2 |
       Dungeon |   3731 |   3683 |     48 |    100 |   3148 |   4 |  932.8 |
        Temple |    399 |    393 |      6 |      0 |    378 |   1 |  399.0 |
               +--------+--------+--------+--------+--------+-----+--------+

Top non-repeatable levels by time:
     D:1: 1605 daAuts
     D:3: 1346 daAuts
     D:2: 728 daAuts
  Temple: 399 daAuts
     D:4: 51 daAuts
